 Dungeon Crawl Stone Soup version 0.21-a0-241-g2cbab09 (console) character file.

525507 yesno the Metallomancer (level 24, -7/169 HPs)
             Began as a Vampire Earth Elementalist on Aug 28, 2017.
             Was the Champion of Makhleb.
             Killed from afar by a fire dragon (20 damage)
             ... with a blast of flame
             ... on level 5 of the Depths on Sept 3, 2017.
             The game lasted 10:28:49 (65143 turns).

yesno the Metallomancer (VpEE)                     Turns: 65143, Time: 10:28:49

Health: -7/169     AC: 11    Str:  8    XL:     24   Next: 78%
Magic:  0/51       EV: 31    Int: 39    God:    Makhleb [******]
Gold:   2794       SH: 14    Dex: 35    Spells: 0/54 levels left

rFire    . . .     SeeInvis +   e - staff of energy
rCold    + + .     Gourm    .   T - +1 shield {reflect}
rNeg     + + +     Faith    .   t - +4 robe of Augmentation {Str+4 Int+4 Dex+4}
rPois    ∞         Spirit   +   m - +2 helmet {Int+3}
rElec    +         Reflect  +   l - scarf {Spirit}
rCorr    .         Harm     .   C - +0 pair of gloves of Yttuh {rElec MR+ Str-3 Int+3}
MR       +++++                  q - +0 pair of boots "Muvvegek" {Dex+4 Stlth+}
Stlth    +++++++++.             B - amulet "Weot" {RegenMP *Contam Dex+10}
HPRegen  0.00/turn              O - ring of magical power
MPRegen  0.57/turn              W - ring of the Mage {Wiz MR++ Int+3}

@: about to teleport, slightly contaminated, bloodless, non-regenerating,
studying Shields
A: fangs 3, see invisible, unbreathing
}: 2/15 runes: decaying, serpentine
a: Bat Form, Minor Destruction, Lesser Servant of Makhleb, Major Destruction,
Greater Servant of Makhleb, Renounce Religion


You were on level 5 of the Depths.
You worshipped Makhleb.
Makhleb was exalted by your worship.
You were bloodless.

You visited 10 branches of the dungeon, and saw 47 of its levels.
You also visited: Labyrinth, Bailey, Volcano and Wizlab.

You collected 6420 gold pieces.
You spent 3626 gold pieces at shops.

Inventory:

Hand Weapons
 b - a +7 quick blade of piercing
 Q - a +6 blowgun
Missiles
 i - 837 stones (quivered)
 z - 7 javelins of returning
 A - 938 arrows
 L - a throwing net
Armour
 l - a scarf of spirit shield (worn)
 m - a +2 helmet of intelligence (worn)
 q - the +0 pair of boots "Muvvegek" (worn) {Dex+4 Stlth+}
   (You acquired it on level 1 of the Crypt)

   It affects your dexterity (+4).
   It makes you more stealthy.
 t - the +4 robe of Augmentation (worn) {Str+4 Int+4 Dex+4}
   (You took it off a deep elf demonologist on level 3 of the Elven Halls)

   It affects your strength (+4).
   It affects your intelligence (+4).
   It affects your dexterity (+4).
 C - the +0 pair of gloves of Yttuh (worn) {rElec MR+ Str-3 Int+3}
   (You found it on level 11 of the Dungeon)

   It affects your strength (-3).
   It affects your intelligence (+3).
   It insulates you from electricity.
   It affects your resistance to hostile enchantments.
 T - a +1 shield of reflection (worn)
Magical Staves
 a - an uncursed staff of earth
 e - an uncursed staff of energy (weapon)
 p - an uncursed staff of power
Jewellery
 B - the amulet "Weot" (around neck) {RegenMP *Contam Dex+10}
   (You found it on level 7 of the Dungeon)

   [amulet of magic regeneration]

   It increases your magic regeneration.
   It affects your dexterity (+10).
   It causes magical contamination when unequipped.
 O - a ring of magical power (left hand)
 W - the ring of the Mage (right hand) {Wiz MR++ Int+3}
   (You found it on level 2 of the Swamp)

   [ring of wizardry]

   It improves your spell success rate.
   It affects your intelligence (+3).
   It affects your resistance to hostile enchantments.
Wands
 h - a wand of enslavement (7/24)
 v - a wand of disintegration (14/24)
 H - a wand of digging (11/24)
 K - a wand of clouds (3/9)
 V - a wand of paralysis (10/24)
Scrolls
 c - 11 scrolls of identify
 n - 21 scrolls of remove curse
 o - 6 scrolls of fog
 y - 13 scrolls of teleportation
 I - 2 scrolls of vulnerability
 N - 2 scrolls of fear
 Y - 7 scrolls of magic mapping
Potions
 d - 61 potions of blood
 f - 12 potions of curing
 g - 2 potions of flight
 j - 10 potions of brilliance
 k - 4 potions of cancellation
 r - 3 potions of resistance
 u - a potion of haste
 D - 7 potions of agility
 F - 2 potions of mutation {unknown}
 P - 2 potions of invisibility
 U - 6 potions of might
 X - 2 potions of magic
Books
 s - a book of Transfigurations

   Spells                             Type                      Level
   a - Irradiate                      Conjuration/Transmutation    5
   b - Statue Form                    Transmutation/Earth          6
   c - Hydra Form                     Transmutation                6
   d - Dragon Form                    Transmutation                7
 x - a book of Party Tricks

   Spells                             Type                      Level
   a - Summon Butterflies             Summoning                    1
   b - Apportation                    Translocation                1
   c - Lesser Beckoning               Translocation                3
   d - Tukima's Dance                 Hexes                        3
   e - Alistair's Intoxication        Transmutation/Poison         5
   f - Invisibility                   Hexes                        6
 M - a book of Summonings

   Spells                             Type                      Level
   a - Recall                         Summoning/Translocation      3
   b - Aura of Abjuration             Summoning                    5
   c - Summon Demon                   Summoning                    5
   d - Summon Forest                  Summoning/Translocation      5
   e - Summon Mana Viper              Hexes/Summoning              5
   f - Shadow Creatures               Summoning                    6
 S - a manual of Shields
Miscellaneous
 w - a fan of gales
 J - a lightning rod (4/4)
 Z - a lamp of fire (inert)


   Skills:
 - Level 9.2 Fighting
 - Level 8.3 Short Blades
 * Level 15.2 Dodging
 - Level 15.7 Stealth
 + Level 11.1 Shields
 - Level 15.8 Spellcasting
 - Level 6.2 Conjurations
 - Level 10.2 Hexes
 - Level 3.2 Charms
 - Level 13.0 Summonings
 - Level 12.2 Translocations
 - Level 10.5 Transmutations
 - Level 3.3 Air Magic
 - Level 22.9 Earth Magic
 - Level 5.1 Invocations
 - Level 9.0 Evocations


You couldn't memorise any spells.
You knew the following spells:

 Your Spells              Type           Power        Failure   Level  Hunger
a - Sandblast             Erth           ######       0%          1    None
b - Passwall              Tmut/Erth      ########..   0%          2    None
c - Petrify               Tmut/Erth      ########     0%          4    None
d - Lee's Rapid Deconstr  Erth           ########..   0%          5    None
e - Sticks to Snakes      Tmut           #######.     1%          2    None
f - Swiftness             Chrm/Air       ######..     1%          2    None
g - Lesser Beckoning      Tloc           #######...   1%          3    None
h - Confuse               Hex            #######.     1%          3    None
i - Iron Shot             Conj/Erth      #######...   1%          6    None
j - Leda's Liquefaction   Hex/Erth       ########..   0%          4    None
k - Summon Forest         Summ/Tloc      #######...   1%          5    None
l - Aura of Abjuration    Summ           #######...   1%          5    None
m - Invisibility          Hex            #######.     1%          6    None
n - Darkness              Hex            #######...   1%          6    None


Dungeon Overview and Level Annotations

Branches:
Dungeon (15/15)            Temple (1/1) D:5            Lair (6/6) D:8
  Swamp (4/4) Lair:2        Snake (4/4) Lair:3        Slime (0/5) Lair:6
    Orc (2/2) D:11            Elf (3/3) Orc:2        Vaults (4/5) D:14
  Crypt (3/3) Vaults:2       Tomb (0/3) Crypt:3      Depths (5/5) D:15
    Zot: Depths:5

Altars:
Ashenzari
Cheibriados
Dithmenos
Elyvilon
Gozag
Hepliaklqana
Makhleb
Nemelex Xobeh
Okawaru
Qazlal
Ru
Sif Muna
Trog
Uskayaw
Vehumet
Wu Jian
Xom
Yredelemnul
Zin
The Shining One
Beogh
Jiyva

Shops:
D:9 *   D:12 **([   D:13 }   Orc:2 =?*:   Elf:1 (   Elf:3 [*   Swamp:1 *
Snake:4 }   Vaults:2 (   Vaults:3 *   Depths:1 *   Depths:3 (

Portals:
Hell: Depths:1 Depths:2 Depths:3 Depths:4
Abyss: Depths:3 Depths:4
Pandemonium: Depths:1 Depths:3
Ziggurat: Depths:4

Annotations:
D:5 Grinder
D:14 Munq's ghost, journeyman HOFi
Depths:2 2 transporters


Innate Abilities, Weirdness & Mutations

You do not heal naturally.
You are immune to poison.
You have razor-sharp teeth.
You have supernaturally acute eyesight. (SInv)
You can survive without breathing.


Message History

The quicksilver dragon claws your ice dragon.
Your ice dragon breathes frost at the quicksilver dragon.
The blast of cold hits the quicksilver dragon.
The blast of cold hits the black draconian.
Unknown command.
Unknown command.
You feel better.
The quicksilver dragon breathes dispelling energy at your ice dragon.
The bolt of dispelling energy hits your ice dragon.
Your hippogriff bites the fire dragon but does no damage.
Your hippogriff pecks the fire dragon but does no damage.
Your hippogriff claws the fire dragon.
The spriggan berserker invokes Trog's protection!
The black draconian hits your ice dragon from afar with a glaive of venom!
The fire dragon breathes flames at you.
The blast of flame hits your hippogriff.
Your hippogriff dies!
Your hippogriff's corpse dissolves into shadows!
The blast of flame hits you!
You die...

∙ ▒▒ ∙∙▒ ∙∙ ▒∙▒▒ ∙∙▒
∙▒▒∙∙▒ ∙∙▒ ∙∙∙∙▒ ∙∙▒ ∙
▒∙∙▒▒∙∙▒ )∙ ▒▒∙∙∙∙∙∙▒
▒∙∙∙∙∙▒▒∙≈@D▒∙∙▒
∙▒▒▒∙∙∙▒▒∙∙∙≈∙▒Di∙▒▒▒▒
∙∙∙∙∙∙∙∙∙∙∙∙#≈#▒∙d∙∙∙∙■
∙∙∙∙∙∙∙∙∙∙∙∙∙#∙∙∙∙∙∙∙∙▒


∙∙∙∙∙∙∙∙∙∙∙∙∙∙∙D∙$∙∙∙∙∙∙ ∙∙∙∙∙∙≈≈≈≈∙∙∙∙∙∙▒▒▒▒▒▒▒▒ ∙∙∙[∙∙T≈∙∙∙∙∙∙∙▒▒
d∙∙∙∙≈≈≈∙∙∙#∙∙▒▒ ∙∙∙∙∙∙∙∙∙∙∙∙∙∙∙▒ You could see a black draconian, a fire
dragon, a quicksilver dragon, a spriggan berserker and a friendly ice dragon.

Vanquished Creatures
  Mara (Crypt:2)
  3 ancient liches
  Frederick (Crypt:3)
  Bai Suzhen (Vaults:3)
  A shard shrike (shapeshifter) (Depths:4)
  Margery (Crypt:2)
  A golden dragon (Depths:4)
  A bone dragon (Vaults:2)
  7 liches
  Asterion (Snake:3)
  3 deep elf master archers (Elf:3)
  2 titans (Depths:3)
  2 deep elf blademasters (Elf:3)
  A quicksilver dragon (Depths:4)
  4 sphinxes
  An ancient champion (Crypt:2)
  A thorn hunter (Swamp:4)
  2 shadow dragons (Depths:3)
  3 revenants
  7 nagarajas
  5 tengu reavers
  Donald (Snake:2)
  6 fire giants
  7 frost giants
  2 iron dragons (Depths:4)
  7 deep elf sorcerers
  A ghost moth (shapeshifter) (Depths:2)
  A caustic shrike zombie (WizLab)
  An orc warlord (Orc:2)
  Louise (Snake:1)
  3 deep elf elementalists
  11 vault wardens
  3 curse skulls
  5 ghouls
  10 ironheart preservers
  3 war gargoyles (Crypt:3)
  A reaper (Depths:1)
  3 spriggan defenders
  21 very ugly things
  4 vampire knights
  21 stone giants
  Azrael (Snake:1)
  9 deep elf demonologists
  2 spark wasps
  4 deep elf annihilators
  9 deep elf death magi
  An eidolon (Crypt:3)
  A blizzard demon (Depths:3)
  8 ettins
  Snorg (Lair:5)
  A minotaur (Lab)
  The ghost of 240p the Destroyer, a journeyman DEWz of Sif Muna (Lair:6)
  The ghost of ddubois the Grappler, a journeyman TrCK of Xom (Lair:2)
  7 yaktaur captains
  2 mummy priests (WizLab)
  Josephine (D:11)
  10 jiangshi
  A merfolk impaler (Depths:3)
  5 ice dragons
  4 deep elf high priests (Elf:3)
  13 great orbs of eyes
  9 fire dragons
  19 hydras
  24 naga warriors
  A rakshasa (Vaults:1)
  7 vault guards
  2 death knights
  3 spriggan air magi
  3 catoblepae (Lair:6)
  A monstrous demonspawn (Depths:1)
  2 ghost crabs (Swamp:3)
  31 two-headed ogres
  24 dancing weapons
  13 anacondas
  The ghost of McSplat the Carver, a journeyman OpMo of Ashenzari (Lair:4)
  3 centaur warriors
  8 ogre magi
  6 alligators
  6 deep troll earth magi
  6 deep troll shamans
  6 vampire magi
  7 tengu warriors
  A titan zombie (Vaults:4)
  The ghost of Atlas the Chiller, a novice DsIE of Cheibriados (D:9)
  10 death yaks (Lair:6)
  4 hell knights
  4 orc high priests
  15 naga sharpshooters
  Urug (D:10)
  5 spriggan berserkers
  A storm dragon zombie (Depths:1)
  The ghost of pokedragonboy the Cleaver, a novice MiFi of Qazlal (D:8)
  7 shock serpents
  2 soul eaters
  Nergalle (Orc:1)
  18 deep elf knights
  4 shadow wraiths
  A sixfirhy (Depths:1)
  2 salamander mystics (Snake:4)
  6 iron trolls
  3 unseen horrors
  A fire crab (shapeshifter) (Vaults:3)
  3 sea snakes (Snake:2)
  A spark wasp zombie (WizLab)
  A small abomination (Elf:3)
  A death drake (shapeshifter) (Depths:3)
  A storm dragon skeleton (Crypt:3)
  24 skeletal warriors
  4 wizards
  6 glowing orange brains
  3 spriggan druids
  A golden dragon skeleton (Crypt:3)
  9 ironbrand convokers
  11 flayed ghosts
  A swamp dragon (shapeshifter) (Elf:3)
  15 deep trolls
  8 swamp dragons
  16 deep elf archers
  3 shadow dragon zombies
  17 orc knights
  5 naga ritualists
  A lindwurm (Lair:6)
  A torturous demonspawn (Depths:1)
  13 phantasmal warriors
  8 necromancers
  An orange crystal statue (Vaults:4)
  A tengu zombie (WizLab)
  3 mana vipers
  A sphinx zombie (Vaults:4)
  An anaconda skeleton (Volcano)
  A wolf spider zombie (D:13)
  A frost giant zombie (WizLab)
  15 salamanders
  A mana viper (shapeshifter) (D:15)
  4 wolf spiders
  2 stone giant zombies
  68 ugly things
  9 cyclopes
  11 orc sorcerers
  A shadow dragon skeleton (Crypt:3)
  63 deep elf magi
  An iron dragon skeleton (Crypt:1)
  4 manticores
  10 moths of wrath (Depths:2)
  A shock serpent zombie (Crypt:2)
  7 guardian serpents
  A salamander (shapeshifter) (Depths:2)
  A human skeleton (Vaults:4)
  A rust devil (Depths:3)
  10 vault sentinels
  41 black mambas
  5 elephants (Lair:3)
  13 fire giant skeletons
  3 molten gargoyles (D:14)
  23 naga magi
  8 gargoyles
  4 rime drakes
  11 spiny frogs
  2 spriggan zombies
  An elephant slug zombie (Crypt:2)
  2 freezing wraiths
  2 hellwings
  3 tengu conjurers
  2 ice devils
  52 yaktaurs
  A komodo dragon (shapeshifter) (Depths:4)
  5 komodo dragons
  A catoblepas skeleton (Crypt:1)
  A silent spectre (Depths:2)
  4 guardian mummies
  2 polar bears (shapeshifter)
  10 hornets
  6 tyrant leeches
  2 harpy skeletons (Volcano)
  9 trolls
  2 minotaur skeletons
  An ice dragon zombie (WizLab)
  10 bog bodies
  17 hippogriffs
  5 dream sheep
  3 fire dragon zombies
  28 slime creatures
  A fire giant simulacrum (Vaults:1)
  13 shadows
  8 blink frogs
  8 flying skulls
  8 air elementals
  An alligator skeleton (Crypt:3)
  9 spriggans
  A vampire (D:14)
  7 fire dragon skeletons (Crypt:3)
  A tarantella (shapeshifter) (D:15)
  12 water elementals
  14 wraiths
  2 black mamba skeletons
  58 yaks
  7 wyverns
  7 hungry ghosts
  2 fire bats (D:12)
  6 fire elementals
  Eustachio (D:5)
  22 vampire mosquitoes
  14 basilisks
  3 wargs
  Menkaure (D:7)
  A chaos spawn (Depths:3)
  4 insubstantial wisps
  41 nagas
  An acid dragon (Vaults:2)
  16 swamp worms
  A deep troll zombie (WizLab)
  4 hell hounds
  10 porcupines
  20 water moccasins
  A water nymph skeleton (Crypt:1)
  42 orc warriors
  A floating eye (shapeshifter) (Depths:1)
  12 swamp drakes
  4 sky beasts
  4 ice beasts
  A human zombie (WizLab)
  A black bear (D:9)
  A phantom (D:12)
  A hornet zombie (D:12)
  4 necrophages
  9 wolves
  23 ogres
  10 boggarts
  14 centaurs
  A blink frog skeleton (Crypt:2)
  6 crocodiles
  A big kobold (Depths:2)
  17 bullfrogs
  A rime drake skeleton (Crypt:1)
  A gnoll sergeant (Orc:1)
  2 deep troll simulacra
  2 earth elementals
  2 yaktaur skeletons
  A wyvern skeleton (D:14)
  5 scorpions
  12 killer bees
  A raiju zombie (WizLab)
  20 wights
  6 howler monkeys
  2 spriggan skeletons
  2 electric eels
  11 lava snakes
  2 bullfrog zombies
  2 centaur zombies
  7 crimson imps
  2 quasits
  A yaktaur simulacrum (Vaults:1)
  10 hounds
  2 jellies
  20 orc priests
  4 bullfrog skeletons
  A basilisk zombie (Crypt:2)
  5 centaur skeletons
  29 orc wizards
  Jessica (D:2)
  3 iguanas
  2 hell rats (Lair:6)
  11 worker ants
  A crocodile zombie (Crypt:1)
  A deep dwarf zombie (Crypt:2)
  A tengu skeleton (Crypt:1)
  A naga skeleton (Volcano)
  A hound skeleton (D:7)
  8 mummies (Crypt:3)
  2 worker ant zombies
  15 gnolls
  13 adders
  4 river rats (Lair:6)
  2 shadow imps
  An ooze (D:3)
  3 adder skeletons
  4 dart slugs
  A worm (D:4)
  2 leopard geckos
  90 orcs
  5 ball pythons
  A bat zombie (Crypt:1)
  3 giant cockroaches
  11 goblins
  6 hobgoblins
  15 jackals
  3 quokkas
  15 bats
  7 frilled lizards
  20 kobolds
  A quokka skeleton (D:4)
  12 rats
  3 crawling corpses (Elf:3)
  2 fire vortices (D:14)
  A fungus (Lair:6)
  2 plants
  A snaplasher vine (Depths:1)
2049 creatures vanquished.

Vanquished Creatures (collateral kills)
  3 juggernauts
  Boris (Vaults:3)
  A golden dragon (Depths:3)
  Jorgrun (Depths:1)
  A titan (Depths:3)
  2 quicksilver dragons (Depths:3)
  Frances (Swamp:2)
  3 thorn hunters
  A fire giant (Depths:3)
  A frost giant (Depths:3)
  Aizul (Snake:1)
  A deep elf elementalist (Elf:3)
  An ironheart preserver (Vaults:1)
  A stone giant (Vaults:3)
  5 very ugly things
  The ghost of SevenDeadlySins the Fencer, a journeyman MiGl of Trog (Orc:2)
  A deep elf demonologist (Elf:3)
  A deep elf annihilator (Elf:3)
  An eidolon (Crypt:3)
  An ettin (Depths:3)
  2 deep elf death magi (Elf:3)
  A mummy priest (WizLab)
  An ogre mage (Depths:4)
  A hydra (Swamp:4)
  A death yak (Lair:6)
  A two-headed ogre (Depths:4)
  A deep troll earth mage (Depths:5)
  A spriggan berserker (Depths:3)
  A flayed ghost (Crypt:3)
  A shadow wraith (Crypt:3)
  A deep troll (Depths:5)
  A spriggan druid (Swamp:4)
  A shambling mangrove (Swamp:2)
  A necromancer (Depths:1)
  A naga ritualist (Snake:1)
  5 ugly things
  4 phantasmal warriors (Crypt:3)
  A mana viper (Snake:1)
  A manticore (shapeshifter) (Depths:5)
  3 yaktaurs
  2 tengu conjurers (Depths:4)
  A guardian mummy (WizLab)
  A freezing wraith (Crypt:3)
  An ice devil (Lair:3)
  A bog body (Swamp:3)
  A slime creature (Depths:3)
  A water elemental (Depths:5)
  A wraith (D:12)
  2 swamp drakes (Swamp:4)
  2 orc warriors
  2 ogres (Depths:4)
  An orc wizard (Orc:1)
  An iguana (D:12)
  4 orcs
  A crawling corpse (Elf:3)
  4 plants (Depths:4)
85 creatures vanquished.

Vanquished Creatures (others)
  A deep elf master archer (Elf:3)
  A mana viper (Snake:1)
  2 deep elf archers
  A blink frog (Lair:4)
  A flying skull (Volcano)
  2 centaurs (Vaults:1)
  A briar patch (Swamp:4)
  9 fungi
  16 plants
  2 snaplasher vines (Depths:3)
  28 withered plants (Crypt:3)
64 creatures vanquished.

Grand Total: 2198 creatures vanquished

Notes
Turn   | Place    | Note
-------+----------+-------------------------------------------
     0 | D:1      | yesno the Vampire Earth Elementalist began the quest for the Orb.
     0 | D:1      | Reached XP level 1. HP: 13/13 MP: 3/3
   401 | D:1      | Reached XP level 2. HP: 4/19 MP: 0/5
  1076 | D:1      | Learned a level 2 spell: Passwall
  1320 | D:1      | Reached XP level 3. HP: 18/24 MP: 3/6
  1718 | D:2      | Noticed Jessica
  1725 | D:2      | Killed Jessica
  1725 | D:2      | Reached skill level 1 in Fighting
  1725 | D:2      | Reached skill level 1 in Short Blades
  1725 | D:2      | Reached XP level 4. HP: 32/32 MP: 7/7
  2651 | D:3      | Reached XP level 5. HP: 23/37 MP: 3/8
  2657 | D:3      | Learned a level 4 spell: Petrify
  3114 | D:3      | Reached skill level 4 in Earth Magic
  3811 | D:3      | Reached XP level 6. HP: 43/43 MP: 10/10
  4580 | D:4      | Reached XP level 7. HP: 42/50 MP: 2/11
  4619 | D:5      | Entered Level 5 of the Dungeon
  4682 | D:5      | Found a staircase to the Ecumenical Temple.
  4711 | Temple   | Entered the Ecumenical Temple
  4933 | Temple   | Became a worshipper of Makhleb the Destroyer
  5014 | D:5      | Noticed Eustachio
  5027 | D:5      | Killed Eustachio
  5027 | D:5      | Reached skill level 5 in Stealth
  5069 | D:5      | Reached skill level 5 in Earth Magic
  5474 | D:5      | Noticed Grinder
  5519 | D:5      | Learned a level 5 spell: Lee's Rapid Deconstruction
  5626 | D:6      | Reached XP level 8. HP: 52/56 MP: 12/12
  5764 | D:6      | Reached * piety under Makhleb
  5935 | D:6      | Found a shimmering altar of Xom.
  5955 | D:6      | Found a shattered altar of Ashenzari.
  5965 | D:6      | Found a bloodstained altar of Trog.
  5965 | D:6      | Found a shadowy altar of Dithmenos.
  5985 | D:6      | Found a glowing silver altar of Zin.
  6081 | D:6      | Reached skill level 5 in Transmutations
  6314 | D:6      | Reached skill level 6 in Earth Magic
  6826 | D:7      | Found a flagged portal.
  6826 | D:7      | Noticed Menkaure
  6838 | D:7      | Killed Menkaure
  6842 | D:7      | Got a bound emerald amulet
  6843 | D:7      | Identified the amulet "Weot" {RegenMP *Contam Dex+10} (You found it on level 7 of the Dungeon)
  6861 | Bailey   | Entered a bailey
  6868 | Bailey   | Noticed an orc knight
  6882 | Bailey   | Upgraded the game from 0.21-a0-225-g207ae17 to 0.21-a0-227-g58a7c62
  7157 | Bailey   | Noticed boo's ghost (novice DsMo)
  7419 | Bailey   | Reached skill level 5 in Dodging
  7627 | D:7      | Found a shimmering altar of Xom.
  7778 | D:7      | Reached ** piety under Makhleb
  7782 | D:7      | Reached XP level 9. HP: 61/61 MP: 7/13
  7795 | D:7      | Learned a level 2 spell: Sticks to Snakes
  7982 | D:7      | Reached skill level 7 in Earth Magic
  8863 | D:8      | Reached skill level 8 in Earth Magic
  8936 | D:8      | Noticed pokedragonboy's ghost (novice MiFi)
  9042 | D:9      | Noticed a two-headed ogre
  9043 | D:9      | Killed a two-headed ogre
  9043 | D:9      | Reached skill level 5 in Short Blades
  9043 | D:9      | Reached skill level 1 in Evocations
  9043 | D:9      | Reached XP level 10. HP: 67/67 MP: 13/15
  9093 | D:9      | Reached *** piety under Makhleb
  9160 | D:9      | Noticed a two-headed ogre
  9169 | D:9      | Killed a two-headed ogre
  9169 | D:9      | Reached skill level 9 in Earth Magic
  9274 | D:9      | Found a hazy altar of Hepliaklqana.
  9373 | D:9      | Found a sacrificial altar of Ru.
  9576 | D:9      | Found Wiocef's General Store.
  9593 | D:9      | Bought a scroll of teleportation for 33 gold pieces
  9633 | D:9      | Noticed Atlas's ghost (novice DsIE)
  9699 | D:9      | Killed Atlas's ghost
  9926 | D:10     | Entered Level 10 of the Dungeon
 10007 | D:10     | Reached skill level 5 in Spellcasting
 10113 | D:10     | Noticed Urug
 10123 | D:10     | Killed Urug
 10123 | D:10     | Reached skill level 10 in Earth Magic
 10361 | D:10     | Noticed a two-headed ogre
 10369 | D:10     | Killed a two-headed ogre
 10369 | D:10     | Reached XP level 11. HP: 76/76 MP: 19/19
 10383 | D:10     | Found a stormy altar of Qazlal.
 10545 | D:10     | Noticed a two-headed ogre
 10553 | D:10     | Killed a two-headed ogre
 10801 | D:11     | Reached **** piety under Makhleb
 10827 | D:11     | Found a staircase to the Orcish Mines.
 10831 | D:11     | Found a labyrinth entrance.
 10840 | Lab      | Entered a labyrinth
 11562 | Lab      | Noticed a minotaur
 11574 | Lab      | Killed a minotaur
 11631 | Lab      | Identified a scroll of acquirement
 11631 | Lab      | Identified the Tome of the Damaging Voyage (You acquired it in a labyrinth)
 11760 | D:11     | Noticed an unseen horror
 11772 | D:11     | Killed an unseen horror
 11772 | D:11     | Reached skill level 11 in Earth Magic
 11880 | D:11     | Noticed Josephine
 12087 | D:11     | Reached skill level 5 in Fighting
 12090 | D:11     | Killed Josephine
 12090 | D:11     | Reached skill level 1 in Invocations
 12359 | D:12     | Found Dapejar's Antique Armour Boutique.
 12363 | D:12     | Bought a pair of glowing gloves for 210 gold pieces
 12383 | D:12     | Found Ciwofin's Antique Weapon Emporium.
 12412 | D:12     | Found Ynurghapp's Assorted Antiques.
 12417 | D:12     | Found Ruischuwe's General Store.
 12437 | D:12     | Bought a metal-bound book for 390 gold pieces
 12437 | D:12     | Bought a warped jade ring for 130 gold pieces
 12440 | D:12     | Identified the ring of Juam {Fire rElec Str+3 Int+4} (You bought it in a shop on level 12 of the Dungeon)
 12444 | D:12     | Learned a level 2 spell: Swiftness
 12453 | D:12     | Noticed a skeletal warrior
 12455 | D:12     | Noticed a skeletal warrior
 12457 | D:12     | Noticed a skeletal warrior
 12469 | D:12     | Killed a skeletal warrior
 12469 | D:12     | Killed a skeletal warrior
 12488 | D:12     | Killed a skeletal warrior
 12488 | D:12     | Reached XP level 12. HP: 78/87 MP: 5/21
 12672 | D:12     | Noticed a two-headed ogre
 12680 | D:12     | Killed a two-headed ogre
 12785 | D:12     | Got a dull robe
 12796 | D:12     | Identified the +1 robe of Misanthropy {rElec} (You took it off an orc on level 12 of the Dungeon)
 13049 | D:12     | Found a sparkling altar of Nemelex Xobeh.
 13072 | D:12     | Reached skill level 10 in Dodging
 13097 | D:12     | Found a runed door.
 13102 | D:12     | Found a glowing golden altar of the Shining One.
 13121 | D:12     | Found a hide-covered altar of Uskayaw.
 13164 | D:12     | Found an iron altar of Okawaru.
 13243 | D:12     | Found an iron altar of Okawaru.
 13261 | D:12     | Reached ***** piety under Makhleb
 13267 | D:12     | Found a shattered altar of Ashenzari.
 13377 | D:13     | Found the +8 trident of the Octopus King {venom, rElec rPois MR+}
 13403 | D:13     | Noticed a two-headed ogre
 13406 | D:13     | Killed a two-headed ogre
 13773 | D:13     | Reached skill level 5 in Invocations
 13779 | D:13     | Found Oxeen's Gadget Emporium.
 13801 | D:13     | Learned a level 3 spell: Lesser Beckoning
 13879 | D:13     | Noticed a two-headed ogre
 13887 | D:13     | Killed a two-headed ogre
 13887 | D:13     | Reached skill level 1 in Translocations
 13918 | D:13     | Reached skill level 12 in Earth Magic
 14227 | D:14     | Noticed a two-headed ogre
 14238 | D:14     | Killed a two-headed ogre
 14261 | D:14     | Noticed a six-headed hydra
 14261 | D:14     | Noticed a two-headed ogre
 14267 | D:14     | Reached XP level 13. HP: 83/96 MP: 22/22
 15368 | D:15     | Entered Level 15 of the Dungeon
 15396 | D:15     | Reached skill level 13 in Earth Magic
 15468 | D:14     | Noticed Munq's ghost (journeyman HOFi)
 16086 | D:8      | Found a staircase to the Lair.
 16164 | Lair:1   | Entered Level 1 of the Lair of Beasts
 16848 | Lair:2   | Noticed ddubois's ghost (journeyman TrCK)
 17597 | Lair:3   | Reached skill level 10 in Transmutations
 17690 | Lair:3   | Found a staircase to the Snake Pit.
 17870 | Lair:3   | Reached ****** piety under Makhleb
 17965 | Lair:3   | Reached skill level 14 in Earth Magic
 18100 | Lair:3   | Found a frozen archway.
 18348 | Lair:3   | Reached skill level 1 in Air Magic
 18408 | Lair:4   | Reached XP level 14. HP: 103/103 MP: 23/23
 18653 | Lair:4   | Reached skill level 1 in Charms
 18784 | Lair:4   | Found a dark tunnel.
 18793 | Volcano  | Entered a volcano
 19311 | Lair:4   | Noticed McSplat's ghost (journeyman OpMo)
 19336 | Lair:4   | Killed McSplat's ghost
 19351 | Lair:4   | Reached skill level 5 in Translocations
 19754 | Lair:5   | Noticed Snorg
 19857 | Lair:5   | Killed Snorg
 20905 | Snake:1  | Entered Level 1 of the Snake Pit
 20951 | Snake:1  | Noticed Azrael
 21201 | Snake:1  | Killed Azrael
 21222 | Snake:1  | Reached skill level 10 in Stealth
 21729 | Snake:1  | Noticed Louise
 21737 | Snake:1  | Killed Louise
 21926 | Snake:1  | Reached skill level 15 in Earth Magic
 22239 | Orc:1    | Entered Level 1 of the Orcish Mines
 22296 | Orc:1    | Paralysed by an orc sorcerer for 5 turns
 22378 | Orc:1    | Found a roughly hewn altar of Beogh.
 22413 | Orc:1    | Noticed Nergalle
 22420 | Orc:1    | Killed Nergalle
 22592 | Orc:2    | Entered Level 2 of the Orcish Mines
 22592 | Orc:2    | Noticed SevenDeadlySins's ghost (journeyman MiGl)
 22748 | Orc:2    | Found a staircase to the Elven Halls.
 22845 | Orc:2    | Reached XP level 15. HP: 110/110 MP: 20/25
 23234 | Orc:2    | qwyjybo: are you going to use any makhleb invos in this game
 23678 | Lair:2   | Killed ddubois's ghost
 23830 | Lair:2   | Found a staircase to the Swamp.
 24343 | Snake:1  | Noticed Aizul
 24365 | Snake:1  | Killed Aizul
 24742 | Snake:2  | Noticed Donald
 24749 | Snake:2  | Reached skill level 16 in Earth Magic
 24769 | Snake:2  | Killed Donald
 25106 | Snake:2  | Reached skill level 1 in Shields
 25159 | Snake:2  | Got a coiled steel amulet
 25185 | Snake:2  | Identified the amulet of Monotheism {Spirit Str+2 Int+3 Stlth-} (You found it on level 2 of the Snake Pit)
 25987 | Snake:3  | Noticed Asterion
 26048 | Snake:3  | Reached skill level 17 in Earth Magic
 26194 | Snake:3  | Learned a level 3 spell: Confuse
 26211 | Snake:3  | Noticed a nagaraja
 26249 | Snake:3  | Reached skill level 1 in Hexes
 26308 | Snake:3  | Killed Asterion
 26371 | Snake:3  | Upgraded the game from 0.21-a0-227-g58a7c62 to 0.21-a0-228-g14ccbf3
 26557 | Snake:3  | Reached XP level 16. HP: 102/116 MP: 11/26
 27068 | Snake:1  | Reached skill level 5 in Shields
 27126 | Swamp:1  | Entered Level 1 of the Swamp
 27564 | Swamp:1  | Found Gaitry Tank's Island Escapes.
 27574 | Swamp:1  | Bought a scroll of fog for 30 gold pieces
 27574 | Swamp:1  | Bought 2 potions of invisibility for 240 gold pieces
 27574 | Swamp:1  | Bought a scroll of teleportation for 45 gold pieces
 27574 | Swamp:1  | Bought a scroll of teleportation for 45 gold pieces
 28155 | D:11     | Got a pair of ichor-stained gloves
 28161 | D:11     | Identified the +0 pair of gloves of Yttuh {rElec MR+ Str-3 Int+3} (You found it on level 11 of the Dungeon)
 28508 | Swamp:2  | Found the ring of the Mage {Wiz MR++ Int+3}
 28528 | Swamp:2  | Noticed a thorn hunter
 28567 | Swamp:2  | Killed a thorn hunter
 28984 | Swamp:2  | Noticed Frances
 29030 | Swamp:2  | Killed Frances
 29547 | Swamp:3  | Learned a level 6 spell: Iron Shot
 29641 | Swamp:3  | Reached skill level 1 in Conjurations
 30443 | Swamp:4  | Entered Level 4 of the Swamp
 30835 | Swamp:4  | Noticed a thorn hunter
 31010 | Swamp:4  | Killed a thorn hunter
 31146 | Swamp:4  | Noticed a thorn hunter
 31165 | Swamp:4  | Killed a thorn hunter
 31165 | Swamp:4  | Reached skill level 15 in Stealth
 31242 | Swamp:4  | Noticed a thorn hunter
 31259 | Swamp:4  | Got a decaying rune of Zot
 31281 | Swamp:4  | Killed a thorn hunter
 31636 | D:14     | Reached XP level 17. HP: 122/122 MP: 4/27
 31650 | D:14     | Found a gate to the Vaults.
 32205 | D:15     | Got an encrusted cloak
 32216 | D:15     | Identified the +2 cloak "Lobbeid" {Str+6 Stlth-} (You found it on level 15 of the Dungeon)
 32282 | D:12     | Bought a twisted leather armour for 196 gold pieces
 32295 | D:12     | Identified the +0 leather armour of Patience {-Cast rElec rN+ Int+2} (You bought it in a shop on level 12 of the Dungeon)
 32760 | Orc:2    | Killed SevenDeadlySins's ghost
 33101 | Orc:2    | Reached skill level 5 in Conjurations
 33337 | Orc:2    | Found Iqemumoe's Book Shop.
 33337 | Orc:2    | Found Juehuxon's General Store.
 33338 | Orc:2    | Found Viosmeag's Magic Scroll Shoppe.
 33340 | Orc:2    | Found Urchatso's Jewellery Shoppe.
 33378 | Orc:2    | Bought a scroll of brand weapon for 280 gold pieces
 33490 | Elf:1    | Entered Level 1 of the Elven Halls
 34392 | Elf:1    | Found Ysinavy's Weapon Shop.
 34862 | Elf:2    | Found a runed gate.
 34862 | Elf:2    | Found a runed gate.
 34862 | Elf:2    | Found a runed gate.
 35031 | Elf:2    | Identified Fayfio Kacs's Incunabulum of Combed Thunderclap
 35037 | Elf:2    | Identified Ts'ui Pên's Compendium of Forking Paths
 35127 | Elf:2    | Identified Yhoen's Grimoire of Dhcmrlchtdj
 35168 | Elf:2    | Reached skill level 18 in Earth Magic
 35752 | Elf:2    | Reached XP level 18. HP: 75/129 MP: 0/28
 36136 | Elf:2    | Upgraded the game from 0.21-a0-228-g14ccbf3 to 0.21-a0-229-g3587535
 36321 | D:8      | Killed pokedragonboy's ghost
 36578 | Snake:4  | Entered Level 4 of the Snake Pit
 37408 | Snake:4  | Found Jinwyuckoi's Gadget Emporium.
 39175 | Snake:4  | Got a serpentine rune of Zot
 39509 | Lair:6   | Entered Level 6 of the Lair of Beasts
 39855 | Lair:6   | Noticed 240p's ghost (journeyman DEWz)
 40287 | Lair:6   | Reached XP level 19. HP: 138/138 MP: 31/31
 40592 | Orc:2    | Bought a Fen Folio for 1125 gold pieces
 40597 | Orc:2    | Learned a level 4 spell: Leda's Liquefaction
 40994 | Lair:6   | Found a viscous altar of Jiyva.
 40994 | Lair:6   | Found a staircase to the Slime Pits.
 41458 | Lair:6   | Killed 240p's ghost
 42070 | Vaults:1 | Entered Level 1 of the Vaults
 42158 | Vaults:1 | Reached skill level 10 in Spellcasting
 42509 | Vaults:1 | Learned a level 5 spell: Summon Forest
 42622 | Vaults:1 | Reached skill level 1 in Summonings
 42975 | Vaults:1 | Identified the ring of Activism {rElec rF+ Str+3 Dex+4} (You found it on level 1 of the Vaults)
 43708 | Vaults:2 | Reached skill level 5 in Summonings
 44003 | Vaults:2 | Found Bevol's Weapon Shop.
 44184 | Vaults:2 | Found a hazy altar of Hepliaklqana.
 44619 | Vaults:2 | Noticed a bone dragon
 44621 | Vaults:2 | Reached skill level 10 in Translocations
 44625 | Vaults:2 | Killed a bone dragon
 44625 | Vaults:2 | Reached XP level 20. HP: 145/145 MP: 9/35
 44668 | Vaults:2 | Found a staircase to the Crypt.
 45584 | Vaults:3 | Found a magical portal.
 45607 | WizLab   | Entered Doroklohe's Tomb
 45842 | WizLab   | Noticed an ancient lich
 45875 | WizLab   | Killed an ancient lich
 45895 | WizLab   | Reached skill level 10 in Summonings
 46099 | WizLab   | Identified the +2 mace of Ichyets {antimagic, rPois rC+ SInv} (You found it in a wizard's laboratory)
 46166 | Vaults:3 | Found Magg's Assorted Antiques.
 46432 | Vaults:3 | Noticed Bai Suzhen
 46448 | Vaults:3 | Killed Bai Suzhen
 46946 | Vaults:3 | Noticed Boris
 46962 | Vaults:3 | Killed Boris
 48510 | Vaults:4 | Reached XP level 21. HP: 150/150 MP: 14/36
 48748 | Vaults:4 | Reached skill level 19 in Earth Magic
 49059 | Vaults:4 | Learned a level 5 spell: Aura of Abjuration
 49309 | Elf:3    | Entered Level 3 of the Elven Halls
 50091 | Elf:3    | Found Wipug's Assorted Antiques.
 50127 | Elf:3    | Bought a potion of curing for 84 gold pieces
 50127 | Elf:3    | Bought a potion of curing for 84 gold pieces
 50127 | Elf:3    | Bought a scroll of teleportation for 84 gold pieces
 50127 | Elf:3    | Bought a potion of heal wounds for 140 gold pieces
 50392 | Elf:3    | Reached skill level 20 in Earth Magic
 50625 | Elf:3    | Got a slimy turquoise ring
 50626 | Elf:3    | Identified the +2 robe of Starshine {rF+ rC+ rN+++ Str-4} (You took it off a deep elf blademaster on level 3 of the Elven Halls)
 50627 | Elf:3    | Identified the cursed ring "Jequme" {Dex-4 Stlth+} (You took it off a deep elf death mage on level 3 of the Elven Halls)
 50835 | Elf:3    | Got a crude ruby amulet
 50962 | Elf:3    | Got a crude shortbow
 50967 | Elf:3    | Got an ancient dagger
 50968 | Elf:3    | Identified the +5 dagger of Drought {antimagic, rElec rPois} (You found it on level 3 of the Elven Halls)
 50973 | Elf:3    | Identified the Almanac of Calling and Protection
 50974 | Elf:3    | Identified Menikyc's Compendium of the Frigorific Traveller
 50981 | Elf:3    | Identified the amulet of the Manifold Beggars {Gourm MR++ Dex+2} (You took it off a deep elf master archer on level 3 of the Elven Halls)
 51084 | Elf:3    | Got a slimy short sword
 51085 | Elf:3    | Identified the +6 short sword "Hagots" {pierce, Dex+2} (You found it on level 3 of the Elven Halls)
 51351 | Elf:3    | Found Wynubehube's Antique Armour Emporium.
 51491 | Orc:2    | Bought a scroll of enchant weapon for 105 gold pieces
 51491 | Orc:2    | Bought a scroll of enchant weapon for 105 gold pieces
 51713 | Vaults:3 | Bought a scroll of enchant weapon for 300 gold pieces
 51840 | Crypt:1  | Entered Level 1 of the Crypt
 52213 | Crypt:1  | Got a pair of polished boots
 52219 | Crypt:1  | Identified the +0 pair of boots "Muvvegek" {Dex+4 Stlth+} (You acquired it on level 1 of the Crypt)
 52254 | Crypt:1  | Reached skill level 5 in Evocations
 53174 | Crypt:2  | Noticed Margery
 53228 | Crypt:2  | Killed Margery
 53609 | Crypt:2  | Noticed Mara
 53612 | Crypt:2  | Noticed yesno's illusion
 53627 | Crypt:2  | Noticed yesno's illusion
 53628 | Crypt:2  | Killed Mara
 53628 | Crypt:2  | Reached XP level 22. HP: 143/157 MP: 7/37
 53870 | Crypt:2  | Reached skill level 21 in Earth Magic
 54470 | Crypt:3  | Entered Level 3 of the Crypt
 54889 | Crypt:3  | Identified Kikubaaqudgha's Compendium of Evil Rituals
 55227 | Crypt:3  | Noticed Frederick
 55239 | Crypt:3  | Killed Frederick
 55755 | Crypt:3  | Reached skill level 5 in Hexes
 55762 | Crypt:3  | Noticed an ancient lich
 55767 | Crypt:3  | Killed an ancient lich
 55872 | Crypt:3  | Noticed an ancient lich
 55948 | Crypt:3  | Killed an ancient lich
 56226 | Crypt:3  | Found a staircase to the Tomb.
 57242 | D:15     | Found a staircase to the Depths.
 57301 | Depths:1 | Entered Level 1 of the Depths
 57301 | Depths:1 | Found a gateway to Hell.
 57337 | Depths:1 | Found Paphapt's Changing Room.
 57581 | Depths:1 | Noticed Jorgrun
 57636 | Depths:1 | Killed Jorgrun
 57776 | Depths:1 | Reached skill level 10 in Hexes
 57804 | Depths:1 | Reached XP level 23. HP: 160/163 MP: 9/39
 58072 | Depths:1 | Found a one-way gate leading to the halls of Pandemonium.
 59283 | Depths:2 | Reached skill level 22 in Earth Magic
 59310 | Depths:2 | Found a transporter.
 59564 | Depths:2 | Noticed a juggernaut
 59793 | Depths:2 | Killed a juggernaut
 59970 | Depths:2 | Found a bloodstained altar of Trog.
 59971 | Depths:2 | Found the cursed necklace of Bloodlust {*Rage +Rage MR++ Int-3 Slay+6 *Curse}
 59971 | Depths:2 | Found a runed door.
 59974 | Depths:2 | Found a transporter.
 61033 | Depths:3 | Noticed a juggernaut
 61521 | Depths:3 | Killed a juggernaut
 61579 | Depths:3 | Upgraded the game from 0.21-a0-229-g3587535 to 0.21-a0-238-geb0acef
 61674 | Depths:3 | Reached XP level 24. HP: 169/169 MP: 36/41
 61739 | Depths:3 | Identified the cursed +0 robe "Imehiogi" {rElec rPois Stlth+} (You found it on level 3 of the Depths)
 61926 | Depths:3 | Learned a level 6 spell: Invisibility
 61992 | Depths:3 | Reached skill level 15 in Spellcasting
 62243 | Depths:3 | Found Bomnuc's Weapon Boutique.
 62276 | Depths:3 | Found a one-way gate to the infinite horrors of the Abyss.
 62543 | Depths:3 | Identified the +3 dagger "Apecwan" {flame, +Inv Str+2} (You found it on level 3 of the Depths)
 63324 | Depths:4 | Learned a level 6 spell: Darkness
 63680 | Depths:4 | Found a gateway to a ziggurat.
 64337 | Depths:4 | Reached skill level 10 in Shields
 64434 | Depths:4 | Noticed a juggernaut
 64451 | Depths:4 | Killed a juggernaut
 64618 | Depths:4 | Noticed a shard shrike
 64619 | Depths:4 | Killed a shard shrike
 64786 | Depths:4 | Reached skill level 15 in Dodging
 64897 | Depths:4 | Identified the ring of Jebischek {Wiz Dex+2} (You took it off a frost giant on level 4 of the Depths)
 65066 | Depths:5 | Entered Level 5 of the Depths
 65067 | Depths:5 | Upgraded the game from 0.21-a0-238-geb0acef to 0.21-a0-241-g2cbab09
 65140 | Depths:5 | HP: 6/169 [quicksilver dragon (5)]
 65143 | Depths:5 | Killed from afar by a fire dragon

Vault maps used:
D:1:      matt_arrival_spirals, minmay_tall_x
D:2:      uniq_jessica
D:4:      st_stairs_7, minmay_unequal
D:5:      grunt_temple_overflow_growth_and_decay,
          minmay_temple_entry_statues_pillars, serial_shops, shop, first_bread,
          uniq_eustachio, uniq_grinder
D:6:      minmay_overflow_temple_star_hex, eino_tiny_chamber
D:7:      basic_altar, enter_bailey_2, the_bakery, uniq_menkaure
D:8:      grunt_lair_entry_orc_guard_hut
D:9:      nicolae_ru_the_path_less_chosen, kennysheep_little_box, serial_shops,
          shop_fountains
D:10:     lemuel_statue_altar, uniq_urug
D:11:     orc_0_dummy, lab_entry_generic, uniq_josephine
D:12:     due_megacathedral, serial_shops, nicolae_shop_crystal, shop_statue,
          nicolae_shop_overgrown_old_shop, nicolae_shop_behind_doors,
          roderic_lattice_a, minmay_misc_feat_cross
D:13:     serial_shops, nicolae_shop_statue_plus, nrook_pool_corridor
D:14:     erik_vaults_1, kennysheep_boxes
D:15:     gammafunk_enter_depths_forms, minmay_misc_feat_tiny
Temple:   oiseaux_autumnal_temple
Lair:1:   lemuel_fruit_tree
Lair:2:   swamp_mist, pond, lemuel_fruit_fields
Lair:3:   minmay_snake_entry_six_corridors, portal_ice_cave_demonic_guard
Lair:4:   nicolae_volcano_entry_hallway
Lair:5:   special_room, minivault_19, uniq_snorg
Lair:6:   evilmike_catoblepas_cave, dpeg_slime_entry_enclosed_altar,
          serial_forest, infiniplex_forest_clump_medium,
          infiniplex_forest_corner_1, infiniplex_forest_straight_2,
          infiniplex_forest_lined_corner, grunt_forest_small_clearings,
          kennysheep_abandoned_house
Swamp:1:  hangedman_swamp_pad, swamp_pool3, nicolae_island_escapes
Swamp:2:  evilmike_swamp_ruin_rubble_1, uniq_frances
Swamp:3:  evilmike_swamp_ruin_house_6, swamp_pool3, nicolae_swamp_stair_fork
Swamp:4:  swamp, swamp_pool1
Snake:1:  uniq_louise, uniq_aizul, uniq_azrael
Snake:2:  serial_bayou_shore_b, serial_bayou_shore_a, uniq_donald
Snake:3:  uniq_asterion
Snake:4:  snake_pit, serial_shops, shop
Orc:1:    basic_altar, uniq_nergalle
Orc:2:    st_orc_elflike
Elf:1:    serial_shops, nicolae_shop_behind_doors, minmay_elf_crystal_heptagon
Elf:2:    bh_hangedman_babel_library
Elf:3:    minmay_elf_hall_statues, serial_shops,
          nicolae_shop_overgrown_old_shop,
          nicolae_shop_temple_entry_statues_fountains
Vaults:1: ontoclasm_vaults_shuriken, nicolae_vaults_three_branches,
          ontoclasm_vaults_hangar, v_misc_17, v_misc_29, v_misc_17,
          nicolae_vaults_meeting, hangedman_vaults_stretched_pinwheel,
          vaults_room_grid, ontoclasm_vaults_decontamination, vaults_room_grid,
          grunt_vaults_swirl, v_misc_19
Vaults:2: v_misc_33, grunt_vaults_hallway_short, v_misc_29, v_misc_19,
          minmay_crypt_entry_nasty_monster, nicolae_vaults_alarming,
          vaults_room_pool, ontoclasm_vaults_loading_screen, vaults_room_fours,
          basic_altar, serial_shops, nicolae_shop_behind_doors
Vaults:3: hangedman_vaults_corner_blocks, vaults_mumra_lcd,
          grunt_vaults_hallway_short, grunt_vaults_funnel,
          nicolae_vaults_diagonal_hallway_9, st_more_cells, stair_cage_open,
          serial_shops, nicolae_shop_behind_doors,
          lightli_enter_wizlab_magi_temple, uniq_bai_suzhen, uniq_boris
Vaults:4: nicolae_vaults_asterisk, vaults_room_ringed_pool, v_misc_15,
          grunt_vaults_twisty, v_misc_5, ontoclasm_vaults_pinch,
          nicolae_vaults_triangles, nicolae_vaults_little_squares_2, v_misc_10,
          vaults_dpeg_cross, nicolae_vaults_statue_guard,
          ontoclasm_vaults_loading_screen, vaults_room_corners
Crypt:2:  grunt_ministairs_13, uniq_margery, uniq_mara
Crypt:3:  quadcrypt_mu, uniq_frederick
Depths:1: hell_entry, rand_demon_pan_entry_3, serial_sigils_hangedman_gnaw,
          hangedman_abyss_or_decor_lesser_grid, nicolae_transmutations_shop,
          uniq_jorgrun
Depths:2: emtedronai_trogs_sanctum, minivault_11, marbit_kobold_abyss_entry,
          pf_vacation_house_of_asmodeus, minmay_staircase_bubble, firewood_loft
Depths:3: minmay_four_inscribed_fans, hangedman_abyss_or_decor_passed,
          abyss_entry, rand_demon_pan_entry_1, hell_entry, serial_shops,
          shop_statue, eino_tiny_chamber
Depths:4: kennysheep_large_spiral, enter_ziggurat_c, minivault_14, hell_entry,
          abyss_entry, grunt_megastairs_1, infiniplex_staircase_pool_2,
          serial_bayou_shore_b
Depths:5: evilmike_zot_entry_basic, pan_entry, abyss_entry_small_statue_room,
          grunt_hell_entry_dis_grunt, uniq_sojobo
Lab:      nicolae_lab_quarters, lab_fountain, labyrinth_skeletal_remains,
          nicolae_lab_blocks
Bailey:   bailey_axe_4, bailey
Volcano:  volcano_tomb
WizLab:   wizlab_doroklohe

Skill      XL: |  1  2  3  4  5  6  7  8  9 10 11 12 13 14 15 16 17 18 19 20 21 22 23 24 |
---------------+-------------------------------------------------------------------------+-----
Fighting       | 1 2 3 5 7 8 9 |  9.2
Short Blades   | 1 2 3 4 5 6 7 8 |  8.3
Dodging        | 3 4 5 7 9 10 12 15 | 15.2
Earth Magic    | 4 5 6 8 10 11 12 14 15 17 18 20 21 22 | 22.9
Stealth        | 4 5 7 9 11 12 15 | 15.7
Transmutations | 2 4 6 7 10 | 10.5
Spellcasting   | 3 5 6 8 11 12 14 15 | 15.8
Evocations     | 1 2 6 9 |  9.0
Invocations    | 1 5 |  5.1
Translocations | 2 4 5 7 8 10 11 12 | 12.2
Air Magic      | 1 3 |  3.3
Charms         | 3 |  3.2
Shields        | 4 7 9 11 | 11.1
Hexes          | 4 10 | 10.2
Conjurations   | 3 6 |  6.2
Summonings     | 8 12 13 | 13.0

Action                   |  1- 3 |  4- 6 |  7- 9 | 10-12 | 13-15 | 16-18 | 19-21 | 22-24 || total
-------------------------+-------+-------+-------+-------+-------+-------+-------+-------++-------
Melee: Dagger            |    62 |   102 |   204 |   272 |   698 |   788 |   536 |       ||  2662
       Bite              |     4 |     6 |    14 |    34 |   121 |   104 |   142 |   128 ||   553
       Rapier            |       |       |     1 |    24 |       |       |       |       ||    25
       Staff             |       |       |       |       |     7 |    26 |    17 |    24 ||    74
       Quick blade       |       |       |       |       |       |       |   181 |   499 ||   680
Throw: Stone             |       |       |       |       |       |     1 |       |     3 ||     4
 Cast: Sandblast         |    27 |    53 |    63 |    48 |   135 |    99 |    44 |    36 ||   505
       Passwall          |     1 |     9 |     7 |    23 |    41 |     7 |     2 |    10 ||   100
       Petrify           |       |       |    18 |    64 |   310 |   461 |   263 |   206 ||  1322
       Lee's Rapid Decon |       |       |    23 |    24 |    71 |   114 |   312 |   362 ||   906
       Sticks to Snakes  |       |       |       |    13 |    56 |    75 |    18 |    94 ||   256
       Lesser Beckoning  |       |       |       |       |    29 |    73 |    43 |    44 ||   189
       Swiftness         |       |       |       |       |     5 |     4 |     2 |     5 ||    16
       Iron Shot         |       |       |       |       |       |    80 |    64 |   124 ||   268
       Confuse           |       |       |       |       |       |     3 |       |       ||     3
       Leda's Liquefacti |       |       |       |       |       |       |     3 |     1 ||     4
       Summon Forest     |       |       |       |       |       |       |    10 |    17 ||    27
       Aura of Abjuratio |       |       |       |       |       |       |     3 |       ||     3
       Invisibility      |       |       |       |       |       |       |       |     1 ||     1
       Darkness          |       |       |       |       |       |       |       |     1 ||     1
Invok: Lesser Servant of |       |       |       |       |     6 |     2 |       |       ||     8
       Major Destruction |       |       |       |       |       |     1 |       |       ||     1
 Abil: End Transformatio |       |     1 |     6 |     1 |    17 |    12 |     2 |     5 ||    44
       Bat Form          |       |     1 |     6 |     1 |    17 |    12 |     2 |     5 ||    44
Evoke: Wand              |       |       |       |       |    13 |    12 |    27 |    22 ||    74
       Phantom mirror    |       |       |       |       |       |     1 |       |       ||     1
       Box of beasts     |       |       |       |       |       |     2 |     2 |     1 ||     5
       Staff of energy   |       |       |       |       |       |       |     3 |   184 ||   187
       Lamp of fire      |       |       |       |       |       |       |     1 |     7 ||     8
  Use: Scroll            |     3 |     2 |    15 |     8 |    19 |    13 |    31 |    24 ||   115
       Potion            |     1 |     4 |     9 |     1 |    20 |    17 |    15 |    17 ||    84
 Stab: Sleeping          |     5 |    22 |    23 |    48 |    33 |    10 |    12 |     8 ||   161
       Petrified         |       |       |    18 |    42 |   159 |   249 |    88 |    74 ||   630
       Petrifying        |       |       |     2 |    18 |    71 |    93 |   108 |   133 ||   425
       Distracted        |       |       |       |     1 |     2 |     2 |     1 |     3 ||     9
       Confused          |       |       |       |       |       |       |     2 |       ||     2
Armor: Robe              |    10 |     8 |    20 |    36 |    87 |    60 |    40 |    34 ||   295
Dodge: Dodged            |    40 |    56 |   138 |   162 |   619 |   433 |   325 |   358 ||  2131
Block: Buckler           |       |       |       |       |    98 |       |       |       ||    98
       Shield            |       |       |       |       |    66 |   307 |   269 |   230 ||   872
       Reflection        |       |       |       |       |     7 |    37 |    37 |    15 ||    96

Table legend:
 A = Spawn XP
 B = Non-spawn XP
 C = Spawn XP percentage of total XP
 D = Spawn monster count
 E = Non-spawn monster count
 F = Spawn count percentage of total count
 G = Total turns spent on level
                    A         B        C        D         E        F      G
               +---------+---------+-------+---------+---------+-------+---------
         Total |  150114 |  962424 |  13.5 |     318 |    1808 |  15.0 | 65143
               +---------+---------+-------+---------+---------+-------+---------
           D:1 |       5 |      44 |  10.2 |       3 |      19 |  13.6 |  1535
           D:2 |       2 |     118 |   1.7 |       1 |      22 |   4.3 |  1068
           D:3 |      28 |     184 |  13.2 |       9 |      24 |  27.3 |  1230
           D:4 |       0 |     393 |   0.0 |       0 |      18 |   0.0 |   786
           D:5 |       2 |     588 |   0.3 |       1 |      12 |   7.7 |   661
           D:6 |      36 |     814 |   4.2 |       1 |      20 |   4.8 |  1306
           D:7 |      13 |    1259 |   1.0 |       1 |      19 |   5.0 |  1140
           D:8 |     474 |    2501 |  15.9 |       3 |      26 |  10.3 |  1255
           D:9 |    1331 |    3017 |  30.6 |       6 |      32 |  15.8 |  1184
          D:10 |    1215 |    3196 |  27.5 |       9 |      21 |  30.0 |  1233
          D:11 |     417 |    3914 |   9.6 |       7 |      21 |  25.0 |  1028
          D:12 |     252 |    9288 |   2.6 |       2 |      44 |   4.3 |  1138
          D:13 |    1158 |    6644 |  14.8 |       7 |      22 |  24.1 |   988
          D:14 |     916 |   13906 |   6.2 |       4 |      46 |   8.0 |  1716
          D:15 |     240 |   12509 |   1.9 |       2 |      33 |   5.7 |   931
        Lair:1 |     270 |    2307 |  10.5 |       1 |      12 |   7.7 |   906
        Lair:2 |     145 |    4445 |   3.2 |       1 |      15 |   6.2 |  1300
        Lair:3 |    2390 |    6651 |  26.4 |       8 |      27 |  22.9 |  1128
        Lair:4 |     143 |    5498 |   2.5 |       1 |      22 |   4.3 |   877
        Lair:5 |    1404 |    8679 |  13.9 |       5 |      33 |  13.2 |  1305
        Lair:6 |     415 |   26863 |   1.5 |       2 |      75 |   2.6 |  1698
       Swamp:1 |     903 |    4780 |  15.9 |       4 |      16 |  20.0 |   799
       Swamp:2 |     188 |   11996 |   1.5 |       1 |      25 |   3.8 |   959
       Swamp:3 |    4462 |   12362 |  26.5 |      11 |      31 |  26.2 |  1315
       Swamp:4 |    2954 |   17065 |  14.8 |       4 |      35 |  10.3 |   825
       Snake:1 |    3134 |   19136 |  14.1 |       6 |      36 |  14.3 |  1811
       Snake:2 |    5185 |   12678 |  29.0 |       8 |      23 |  25.8 |  1155
       Snake:3 |    1015 |   24759 |   3.9 |       2 |      39 |   4.9 |  1304
       Snake:4 |    7749 |   56084 |  12.1 |      13 |      99 |  11.6 |  2734
         Orc:1 |    2119 |    2891 |  42.3 |      22 |      28 |  44.0 |  1316
         Orc:2 |    1797 |   14356 |  11.1 |      13 |      51 |  20.3 |  1875
         Elf:1 |     988 |   18660 |   5.0 |       2 |      28 |   6.7 |   974
         Elf:2 |    8573 |   30124 |  22.2 |      14 |      42 |  25.0 |  1397
         Elf:3 |    4623 |   56852 |   7.5 |       7 |      54 |  11.5 |  2097
      Vaults:1 |    1678 |   45231 |   3.6 |       2 |      81 |   2.4 |  1614
      Vaults:2 |    4958 |   50151 |   9.0 |      12 |      75 |  13.8 |  1958
      Vaults:3 |    4571 |   38116 |  10.7 |      10 |      44 |  18.5 |  1525
      Vaults:4 |    5051 |   50173 |   9.1 |      16 |      74 |  17.8 |  1742
       Crypt:1 |    5420 |   16975 |  24.2 |       6 |      29 |  17.1 |  1335
       Crypt:2 |    5927 |   39017 |  13.2 |       9 |      45 |  16.7 |  1332
       Crypt:3 |   12776 |   67431 |  15.9 |      14 |      81 |  14.7 |  2209
      Depths:1 |   16509 |   46138 |  26.4 |      24 |      55 |  30.4 |  1715
      Depths:2 |   16918 |   55005 |  23.5 |      23 |      56 |  29.1 |  2001
      Depths:3 |   14227 |   60431 |  19.1 |      12 |      58 |  17.1 |  2076
      Depths:4 |    7533 |   74228 |   9.2 |       9 |      81 |  10.0 |  2006
      Depths:5 |       0 |    4400 |   0.0 |       0 |      10 |   0.0 |    44
           Lab |       0 |    2011 |   0.0 |       0 |       5 |   0.0 |   794
        Bailey |       0 |     174 |   0.0 |       0 |      14 |   0.0 |   597
       Volcano |       0 |    4475 |   0.0 |       0 |      12 |   0.0 |   457
        WizLab |       0 |   13907 |   0.0 |       0 |      18 |   0.0 |   524
               +---------+---------+-------+---------+---------+-------+---------
